Map: Battle on the Boardwalk LE

Players

Dauntless - Winner!

  • Race: Zerg Zerg
  • Spawn Location: 11:00

IIlllIIIllll

  • Race: Zerg Zerg
  • League: Diamond
  • Spawn Location: 1:00

VOD

Have the link to the VOD?

Description

Time

  • Played on: Dec. 31, 2017, 5:37 p.m.
  • Length: 5:02
Show
View Real Time Build Order
Export as new Build Order

Dauntless Zerg - Winner!

Build Orders: Pool First 

Get SALT Encoding   

  12  0:01  Drone  
  13  0:11  Drone  
  14  0:19  Extractor  
  13  0:30  Spawning Pool  
  13  0:35  Drone  
  13  0:41  Drone  
  14  0:53  Overlord  
  14  1:20  Zergling x6  
  17  1:30  Metabolic Boost  
  17  1:34  Zergling x2  
  18  1:43  Zergling x2  
  19  1:52  Evolution Chamber  
  19  1:54  Zergling x2  
  19  2:11  Zergling x2  
  20  2:24  Hatchery  
  19  2:35  Zergling x6  
  22  2:48  Zerg Ground Armor Level 1  
  22  2:56  Overlord  
  21  3:14  Queen  
  23  3:24  Overlord  
  23  3:26  Zergling x2  
  23  3:27  Zergling x2  
  25  3:40  Zergling x2  
  26  3:47  Zergling x4  
  26  3:48  Zergling x2  
  29  3:57  Queen  
  29  4:02  Zergling x2  
  32  4:11  Zergling x4  
  34  4:18  Zergling x2  
  34  4:21  Zergling x2  
  36  4:28  Zergling x4  
  38  4:32  Zergling x2  
  38  4:41  Zergling x4  
Show
View Real Time Build Order
Export as new Build Order

IIlllIIIllll Zerg 

Build Orders: Hatch First 

Get SALT Encoding   

  12  0:02  Drone  
  13  0:12  Overlord  
  13  0:20  Drone  
  14  0:32  Drone x2  
  16  0:36  Drone  
  17  0:45  Drone  
  18  0:57  Hatchery  
  18  1:00  Drone  
  18  1:16  Spawning Pool  
  18  1:17  Drone  
  18  1:20  Extractor  
  18  1:22  Drone  
  18  1:38  Drone  
  19  1:46  Overlord  
  19  1:50  Drone  
  20  2:02  Queen  
  20  2:04  Zergling x2  
  23  2:11  Drone  
  23  2:12  Spine Crawler  
  23  2:13  Zergling x2  
  26  2:22  Spine Crawler  
  23  2:30  Zergling x4  
  25  2:38  Zergling x4  
  25  2:50  Metabolic Boost  
  25  2:51  Roach Warren  
  25  2:52  Drone  
  25  2:56  Zergling x2  
  26  3:11  Drone  
  26  3:12  Queen, Extractor  
  28  3:24  Drone  
  28  3:42  Zergling x4  
  30  4:19  Overlord  
  30  4:32  Hatchery  
  29  4:41  Zergling x4  
  29  4:45  Zergling x4  
Tags
 
Add a new tag
Caveats
  • Supply blocks, unpowered buildings, or Contaminate may cause inaccurate times.
  • Supply counts are checked every 10 seconds.